 Dungeon Crawl Stone Soup version 0.30-a0-937-ga0a21ad780 (webtiles) character file.

Game seed: 7063629197215582733

142 ThatPearl the Sneak (level 5, -4/33 HPs)
             Began as a Kobold Brigand on Mar 25, 2023.
             Slain by an ogre
             ... wielding a +0 giant spiked club
              (37 damage)
             ... on level 3 of the Dungeon.
             The game lasted 00:05:12 (2365 turns).

ThatPearl the Sneak (Kobold Brigand)                Turns: 2365, Time: 00:05:13

Health: -4/33      AC:  4    Str: 10    XL:     5   Next: 50%
Magic:  5/5        EV: 13    Int: 13    God:
Gold:   23         SH:  0    Dex: 16    Spells: 4/4 levels left

rFire   . . .      SeeInvis .    n - +6 quarterstaff of Zus Ona {elec, rCorr}
rCold   . . .      Faith    .    (shield currently unavailable)
rNeg    . . .      Spirit   .    i - +0 leather armour
rPois   .          Reflect  .    (no helmet)
rElec   .          Rampage  .    c - +0 cloak
rCorr   +                        (no gloves)
Will    .....                    (no boots)
Stlth   ++++                     (no amulet)
HPRegen 0.25/turn                (no ring)
MPRegen 0.09/turn                (no ring)

@: no status effects
A: small, no large weapons, nightstalker 3
a: no special abilities


You were on level 3 of the Dungeon.
You visited 1 branch of the dungeon, and saw 3 of its levels.

You collected 101 gold pieces.
You spent 78 gold pieces at shops.

Inventory:

Hand Weapons
 a - a +2 dagger
 b - a +0 sling
 n - the +6 quarterstaff of Zus Ona (weapon) {elec, rCorr}
   (You found it on level 2 of the Dungeon)

   rCorr:     It protects you from acid and corrosion.
Missiles
 d - 8 poisoned darts
 e - 2 curare-tipped darts (quivered)
Armour
 c - a +0 cloak (worn)
 i - a +0 leather armour (worn)
Magical Staves
 l - a staff of air
Scrolls
 f - 2 scrolls of identify {unknown}
 g - a scroll of blinking {unknown}
 h - a scroll of brand weapon {unknown}
 k - a scroll of magic mapping {unknown}
 m - a scroll of poison {unknown}
Potions
 j - 3 potions of curing
 o - 2 potions of heal wounds {unknown}
 p - 2 potions of brilliance {unknown}
 q - a potion of lignification
 r - a potion of haste {unknown}


   Skills:
 + Level 3.7 Fighting
 - Level 3.9 Short Blades
 + Level 1.3 Staves
 - Level 2.1 Throwing
 - Level 1.2 Dodging
 + Level 6.6 Stealth


You had 4 spell levels left.
You didn't know any spells.
Your spell library contained the following spells:

 Spells                   Type           Power      Damage    Failure   Level
 Kiss of Death            Conj/Necr      0%         2d5       38%         1
 Confusing Touch          Hex            0%         N/A       77%         3
 Dispel Undead            Necr           0%         3d6       99%         4


Dungeon Overview and Level Annotations

Branches:
Dungeon (3/15)

Altars:

Shops:
D:2 !


Innate Abilities, Weirdness & Mutations

You are small and have problems with some larger weapons.
You are completely attuned to the shadows.


Message History

The bat hits you.
* * * LOW HITPOINT WARNING * * *
Unknown command.
You thump the bat!
You kill the bat!
* * * LOW HITPOINT WARNING * * *
You feel very sick.
You feel better.
Things that are here:
a +0 whip of electrocution; a gnoll corpse
Things that are here:
a +0 whip of venom; a gnoll corpse You start resting.
HP restored.
You now have 22 gold pieces (gained 13).
You now have 23 gold pieces (gained 1).
An orc comes into view. It is wielding a +0 whip.
An orc comes into view. It is wielding a +0 club.
An orc comes into view. It is wielding a +0 war axe.
The orc shouts! x2; You hear a shout! x2
An orc comes into view. It is wielding a +0 whip.
The orc hits you but does no damage.
You hit the orc. Lightning courses through the orc!
You kill the orc!
The orc closely misses you.
You hit the orc. Lightning courses through the orc!
You kill the orc!
The orc barely misses you.
The orc throws a boomerang.
The boomerang misses you.
An ogre comes into view. It is wielding a +0 giant spiked club.
You thump the orc!
You kill the orc!
You hit the orc.
The orc is heavily wounded.
The orc hits you but does no damage. The orc misses you.
You sock the orc!
You kill the orc!
The ogre hits you with a +0 giant spiked club!!!
Ouch! That really hurt!
You die...

##....... .........
#....... +..)O... ..
#..@)... ...#.......
.). ...#....... ....
........... ....#
.###....... (...#
.... ##.......
....#......##.......
...........##......
...........##......


You could see an ogre.

Vanquished Creatures
  6 gnolls
  A dart slug (D:2)
  11 orcs (D:3)
  10 endoplasms
  7 goblins
  8 hobgoblins
  2 jackals (D:1)
  3 kobolds
  2 quokkas
  6 ball pythons
  6 bats
  3 frilled lizards
  3 rats
68 creatures vanquished.

Notes
Turn   | Place    | Note
-------+----------+-------------------------------------------
     0 | D:1      | ThatPearl the Kobold Brigand began the quest for the Orb.
     0 | D:1      | Reached XP level 1. HP: 12/12 MP: 1/1
    81 | D:1      | You fall into a shaft and drop 1 floor!
    81 | D:2      | Found Haxofie's Distillery.
   128 | D:1      | Reached XP level 2. HP: 17/18 MP: 2/2
   616 | D:1      | Reached XP level 3. HP: 22/22 MP: 3/3
  1118 | D:2      | Reached skill level 6 in Stealth
  1133 | D:2      | Reached XP level 4. HP: 13/28 MP: 4/4
  1143 | D:2      | HP: 1/28 [gnoll/+0 flail (8)]
  1307 | D:2      | Identified the +6 quarterstaff of Zus Ona {elec, rCorr}
  1685 | D:2      | Bought a potion of curing for 39 gold pieces
  1685 | D:2      | Bought a potion of lignification for 39 gold pieces
  2142 | D:3      | Reached XP level 5. HP: 30/32 MP: 5/5
  2225 | D:3      | Reached skill level 1 in Staves
  2362 | D:3      | Noticed an ogre
  2365 | D:3      | Slain by an ogre

Illustrated notes

Levels and vault maps discovered:
D:1:      lightli_arrival_chessboard, layout_basic
D:2:      layout_basic, serial_shops, shop_statue, minmay_misc_feat_doors
D:3:      layout_basic, minitemple, serial_shops, shop

Skill      XL: |  1  2  3  4  5 |
---------------+----------------+-----
Short Blades   | 3 |  3.9
Fighting       | 3 |  3.7
Stealth        | 6 |  6.6
Staves         | 1 |  1.3
Throwing       | |  2.1
Dodging        | |  1.2

Action                     |  1- 3 |  4- 6 || total
---------------------------+-------+-------++-------
  Melee: Dagger            |    72 |     3 ||    75
         Punch             |     2 |       ||     2
         Quarterstaff      |       |    58 ||    58
  Throw: Dart              |     7 |     5 ||    12
    Use: Potion            |       |     1 ||     1
   Stab: Sleeping          |     9 |     9 ||    18
 Armour: Robe              |     3 |       ||     3
         Leather armour    |    16 |    15 ||    31
  Dodge: Dodged            |    66 |    46 ||   112

Table legend: (Time is in decaauts)
 A = Elapsed time spent in this place.
 B = Non-inter-level travel time spent in this place.
 C = Inter-level travel time spent in this place.
 D = Time resting spent in this place.
 E = Time spent auto-exploring this place.
 F = Levels seen in this place.
 G = Mean time per level.
                   A        B        C        D        E       F      G
               +--------+--------+--------+--------+--------+-----+--------+
         Total |   2365 |   2328 |     37 |    170 |   1597 |   3 |  788.3 |
       Dungeon |   2365 |   2328 |     37 |    170 |   1597 |   3 |  788.3 |
               +--------+--------+--------+--------+--------+-----+--------+

Top non-repeatable levels by time:
     D:2: 1050 daAuts
     D:1: 905 daAuts
     D:3: 409 daAuts
